 Dungeon Crawl Stone Soup version 0.28-b1-25-g9875b3fc8c (webtiles) character file.

Game seed: 9727988470992820950

150 unlimited1921 the Ogre Mage (level 5, 0/50 HPs)
             Began as an Ogre Fire Elementalist on Jan 31, 2022.
             Slain by Anonymone's ghost (9 damage)
             ... on level 3 of the Dungeon on Feb 1, 2022.
             The game lasted 00:13:27 (5701 turns).

unlimited1921 the Ogre Mage (OgFE)                  Turns: 5701, Time: 00:13:28

Health: 0/50       AC:  3    Str: 12    XL:     5   Next: 32%
Magic:  0/11       EV: 10    Int: 18    God:
Gold:   102        SH:  0    Dex:  9    Spells: 11/12 levels left

rFire   . . .      SeeInvis .   j - +0 trident
rCold   . . .      Faith    .   (no shield)
rNeg    . . .      Spirit   +   a - +0 robe
rPois   .          Reflect  .   (helmet restricted)
rElec   .          Harm     .   (no cloak)
rCorr   .          Rampage  .   (gloves unavailable)
Will    .....                   (boots unavailable)
Stlth   ++........              h - amulet of guardian spirit
HPRegen 0.16/turn               (no ring)
MPRegen 0.12/turn               (no ring)

@: no status effects
A: large, unfitting armour, tough skin 1
a: no special abilities


You were on level 3 of the Dungeon.
You visited 1 branch of the dungeon, and saw 3 of its levels.

You collected 102 gold pieces.

Inventory:

Hand Weapons
 b - a +0 short sword
 j - a +0 trident (weapon)
 l - a +1 dagger of freezing
 m - a +0 great sword
 o - a +0 long sword
Missiles
 g - 89 stones
 k - 10 sling bullets
Armour
 a - a +0 robe (worn)
Jewellery
 h - an amulet of guardian spirit (around neck)
Scrolls
 c - a scroll of blinking {unknown}
 d - a scroll of brand weapon {unknown}
 i - a scroll of immolation {unknown}
 n - a scroll of identify {unknown}
Potions
 e - a potion of brilliance {unknown}
 f - a potion of curing


   Skills:
 * Level 2.5 Fighting
 + Level 0.1 Short Blades
 + Level 0.5 Polearms
 + Level 2.0 Dodging
 + Level 1.6 Stealth
 * Level 4.0 Spellcasting
 + Level 1.4 Conjurations
 + Level 3.4 Fire Magic


You had 11 spell levels left.
You knew the following spells:

 Your Spells              Type           Power      Damage    Failure   Level
a - Foxfire               Conj/Fire      48%        2x1d6     5%          1

Your spell library contained the following spells:

 Spells                   Type           Power      Damage    Failure   Level
 Scorch                   Fire           32%        2d6       5%          2
 Conjure Flame            Conj/Fire      12%        6-21      16%         3
 Inner Flame              Hex/Fire       9%         N/A       22%         3
 Flame Wave               Conj/Fire      12%        2d6       47%         4


Dungeon Overview and Level Annotations

Branches:
Dungeon (3/15)

Altars:
Hepliaklqana
Xom

Annotations:
D:3 Anonymone's ghost, amateur DsGl


Innate Abilities, Weirdness & Mutations

You are too large for most types of armour.
You have tough skin. (AC +1)


Message History

Anonymone's ghost is severely damaged.
The foxfire hits Anonymone's ghost.
Anonymone's ghost is almost destroyed.
You are too injured to fight recklessly!
Anonymone's ghost mumbles, "They all look like pillowcases to me..."
Casting: Foxfire (safe; 5% risk of failure)
Confirm with . or Enter, or press ? or * to list all spells.
You conjure some foxfire!
Anonymone's ghost barely misses you.
The foxfire hits Anonymone's ghost but does no damage.
Anonymone's ghost is severely damaged.
The foxfire hits Anonymone's ghost but does no damage.
Anonymone's ghost is severely damaged.
Casting: Foxfire (safe; 5% risk of failure)
Confirm with . or Enter, or press ? or * to list all spells.
You conjure some foxfire!
Anonymone's ghost hits you.
* * * LOW HITPOINT WARNING * * *
The foxfire hits Anonymone's ghost.
Anonymone's ghost is almost destroyed.
The foxfire hits Anonymone's ghost but does no damage.
Anonymone's ghost is almost destroyed.
Casting: Foxfire (safe; 5% risk of failure)
Confirm with . or Enter, or press ? or * to list all spells.
You conjure some foxfire!
Anonymone's ghost hits you.
* * * LOW HITPOINT WARNING * * *
The foxfire hits Anonymone's ghost.
Anonymone's ghost is almost destroyed.
The foxfire hits Anonymone's ghost.
Anonymone's ghost is almost destroyed.
Casting: Foxfire (safe; 5% risk of failure)
Confirm with . or Enter, or press ? or * to list all spells.
You conjure some foxfire!
Anonymone's ghost hits you but does no damage.
The foxfire hits Anonymone's ghost.
Anonymone's ghost is almost destroyed.
The foxfire hits Anonymone's ghost but does no damage.
Anonymone's ghost is almost destroyed.
Casting: Foxfire (safe; 5% risk of failure)
Confirm with . or Enter, or press ? or * to list all spells.
You conjure some foxfire!
Anonymone's ghost hits you!
You die...

.## ##...# #..#### ##...##
.#######..# ### #..## #.###
.....####.####.# #..<# #.#
.###..###......# ##...# #.#
.<........###..# #..#.# #.#
.######....#..####..#.# #.# ##
###....###...##.# ##.#
#######...............#####..##
...............W@v............#
####.............v.......##.#####
.................................
.####............................
## ##.................#..........
####..................#...[......
.....#...........................
#######.....#..........<.........
##########.................


You could see Anonymone's ghost (ally target).

Vanquished Creatures
  2 orc priests
  4 adders (D:3)
  A worm (D:2)
  A dart slug (D:1)
  3 orcs
  A ball python (D:3)
  8 bats
  7 endoplasms
  A giant cockroach (D:2)
  3 goblins (D:2)
  2 hobgoblins (D:3)
  9 kobolds
  2 quokkas
  3 frilled lizards
  2 rats
49 creatures vanquished.

Vanquished Creatures (others)
  205 foxfires
205 creatures vanquished.

Grand Total: 254 creatures vanquished

Notes
Turn   | Place    | Note
-------+----------+-------------------------------------------
     0 | D:1      | unlimited1921 the Ogre Fire Elementalist began the quest
                  | for the Orb.
     0 | D:1      | Reached XP level 1. HP: 16/16 MP: 3/3
    39 | D:1      | Found a faded altar of an unknown god.
   559 | D:1      | Reached XP level 2. HP: 26/26 MP: 2/5
  1262 | D:1      | Reached skill level 3 in Spellcasting
  1732 | D:2      | Reached skill level 1 in Conjurations
  1756 | D:2      | Reached skill level 1 in Fighting
  2205 | D:2      | Reached XP level 3. HP: 33/33 MP: 7/7
  2845 | D:2      | Found a hazy altar of Hepliaklqana.
  3773 | D:2      | Reached XP level 4. HP: 16/42 MP: 1/9
  4097 | D:3      | Found a shimmering altar of Xom.
  4498 | D:3      | Found a large runed translucent door.
  4498 | D:3      | Found a large runed translucent door.
  4499 | D:3      | Noticed Anonymone's ghost (amateur DsGl)
  4865 | D:3      | Reached skill level 4 in Spellcasting
  4865 | D:3      | Reached XP level 5. HP: 50/50 MP: 5/11
  5648 | D:3      | HP: 1/50 [Anonymone's ghost (8)]
  5701 | D:3      | Slain by Anonymone's ghost

Illustrated notes

Levels and vault maps discovered:
D:1:      minmay_arrival_radiant_lines, layout_basic,
          hellmonk_ecumenical_altar_leap_of_faith, palyth_stone_intersect
D:2:      layout_basic, basic_altar
D:3:      layout_rooms, nicolae_overflow_hidden_temple,
          ebering_ghost_disaster_area

Skill      XL: |  1  2  3  4 |
---------------+-------------+-----
Spellcasting   | 3 4 |  4.0
Conjurations   | 1 |  1.4
Fighting       | 1 2 |  2.5
Fire Magic     | 3 |  3.4
Dodging        | 2 |  2.0
Short Blades   | |  0.1
Polearms       | |  0.5
Stealth        | |  1.6

Action                   |  1- 3 |  4- 6 || total
-------------------------+-------+-------++-------
Melee: Short sword       |     8 |       ||     8
       Trident           |    14 |    23 ||    37
       Punch             |     1 |       ||     1
 Cast: Foxfire           |    67 |    50 ||   117
  Use: Potion            |       |     2 ||     2
 Stab: Sleeping          |     1 |       ||     1
Armor: Robe              |    15 |    17 ||    32
Dodge: Dodged            |    18 |    22 ||    40
